 Dungeon Crawl Stone Soup version 0.27.1-3-gb3d3a73c9e (webtiles) character file.

Game seed: 283116930788905033

4443 curiousnu the Cleaver (level 10, 0/76 HPs)
             Began as a Demonspawn Gladiator on Oct 18, 2021.
             Was a Believer of Nemelex Xobeh.
             Slain by a two-headed ogre (34 damage)
             ... on level 9 of the Dungeon.
             The game lasted 00:36:31 (7375 turns).

curiousnu the Cleaver (Demonspawn Gladiator)        Turns: 7375, Time: 00:36:31

Health: 0/76       AC: 11    Str: 19    XL:     10   Next: 15%
Magic:  10/10      EV: 14    Int:  9    God:    Nemelex Xobeh [**....]
Gold:   366        SH:  4    Dex: 14    Spells: 6/9 levels left

rFire    + . .     SeeInvis .   H - +3 war axe
rCold    . . .     Faith    .   w - +0 buckler
rNeg     . . .     Spirit   .   p - +2 troll leather armour {Purgy}
rPois    +         Reflect  .   A - +1 hat
rElec    .         Harm     .   (no cloak)
rCorr    .         Rampage  .   (no gloves)
Will     .....                  x - +0 pair of boots
Stlth    +.........             (no amulet)
HPRegen  1.22/turn              e - ring of protection from fire
MPRegen  0.12/turn              z - ring of poison resistance

@: no status effects
A: antennae 1, slimy green scales 2, spiny 2, demonic magic 1
a: Renounce Religion, Draw Escape, Draw Destruction, Draw Summoning


You were on level 9 of the Dungeon.
You worshipped Nemelex Xobeh.
Nemelex Xobeh was pleased with you.
You visited 2 branches of the dungeon, and saw 10 of its levels.
You also visited: Sewer.

You collected 366 gold pieces.

Inventory:

Hand Weapons
 a - a +1 war axe
 v - a +0 spear
 H - a +3 war axe (weapon)
Missiles
 y - a throwing net (quivered)
Armour
 c - a +0 helmet
 p - a +2 troll leather armour (worn) {Purgy}
 w - a +0 buckler (worn)
 x - a +0 pair of boots (worn)
 A - a +1 hat (worn)
 B - a +0 tower shield
 E - a +2 chain mail of poison resistance
Jewellery
 e - a ring of protection from fire (left hand)
 z - a ring of poison resistance (right hand)
 F - a ring of poison resistance
Wands
 b - a wand of polymorph (7)
 f - a wand of iceblast (10)
 D - a wand of charming (10)
 G - a wand of acid (9)
Scrolls
 g - a scroll of amnesia {unknown}
 k - 3 scrolls of teleportation
 l - 2 scrolls of magic mapping
 s - 2 scrolls of enchant weapon
 C - 2 scrolls of fog
 J - a scroll of identify
Potions
 d - a potion of magic {unknown}
 h - a potion of curing
 i - 2 potions of cancellation
 j - 3 potions of might
 m - a potion of resistance {unknown}
 n - 2 potions of brilliance
 o - 2 potions of lignification
 q - a potion of mutation {unknown}
 r - 2 potions of ambrosia {unknown}
 t - a potion of attraction {unknown}
 u - a potion of heal wounds


   Skills:
 + Level 6.2 Fighting
 + Level 9.5 Axes
 + Level 4.0 Throwing
 + Level 4.3 Armour
 + Level 6.3 Dodging
 + Level 1.8 Shields
 + Level 0.7 Evocations


You had 6 spell levels left.
You knew the following spells:

 Your Spells              Type           Power      Damage    Failure   Level
a - Sandblast             Erth           0%         2d4       54%         1
b - Passwall              Tmut/Erth      0%         N/A       67%         2

Your spell library contained the following spells:

 Spells                   Type           Power      Damage    Failure   Level
 Corpse Rot               Necr/Air       N/A        N/A       67%         2
 Poisonous Vapours        Pois/Air       0%         N/A       67%         2
 Static Discharge         Conj/Air       0%         N/A       67%         2
 Gell's Gravitas          Tloc           0%         N/A       88%         3
 Ignite Poison            Fire/Tmut/Pois 0%         N/A       88%         3
 Lesser Beckoning         Tloc           0%         N/A       88%         3
 Mephitic Cloud           Conj/Pois/Air  0%         N/A       88%         3
 Ozocubu's Armour         Ice            0%         N/A       88%         3
 Swiftness                Air            0%         N/A       88%         3
 Teleport Other           Tloc           0%         N/A       88%         3
 Dispel Undead            Necr           0%         3d6       99%         4
 Sticky Flame             Conj/Fire      0%         2d3       99%         4
 Bolt of Magma            Conj/Fire/Erth 0%         4d4       100%        5
 Freezing Cloud           Conj/Ice/Air   0%         6-21      100%        5
 Lee's Rapid Deconstruct  Erth           0%         3d5*      100%        5
 Lightning Bolt           Conj/Air       0%         1d11      100%        5
 Invisibility             Hex            0%         N/A       100%        6
 Ozocubu's Refrigeration  Ice            0%         4d5       100%        7
 Chain Lightning          Conj/Air       0%         N/A       100%        9


Dungeon Overview and Level Annotations

Branches:
Dungeon (9/15)             Temple (1/1) D:4            Lair (0/6) D:9
  Sewer (visited)
    Orc: D:9-12

Altars:
Ashenzari
Cheibriados
Dithmenos
Elyvilon
Fedhas
Gozag
Hepliaklqana
Kikubaaqudgha
Makhleb
Nemelex Xobeh
Okawaru
Qazlal
Ru
Sif Muna
Trog
Uskayaw
Vehumet
Wu Jian
Xom
Yredelemnul
Zin
The Shining One

Shops:
D:7 =


Innate Abilities, Weirdness & Mutations

You have a pair of small antennae on your head.
You are mostly covered in slimy green scales. (AC +3)
You are mostly covered in sharp spines.
Spells you cast may paralyse adjacent enemies.


Message History

You slice Maggie!!
Maggie is severely wounded.
Maggie hits you but does no damage.
You slash Maggie!
You break out of your daze!
You kill Maggie!
Your Throwing skill increases to level 4!
Found a fading hand axe and a shiny helmet.
Things that are here:
a +1 war axe of flaming; +0 steam dragon scales; a +0 whip You now have 366 gold pieces (gained 18).
J - a scroll of identify A two-headed ogre comes into view.
It is wielding a +0 giant spiked club and a +0 giant club.
The two-headed ogre shouts in stereo!
Throw: 2 javelins
Press: ? - help, Q - select action, (/) - cycle Shift-Dir - straight line, f - two-headed ogre
Aim: a two-headed ogre, wielding a +0 giant spiked club and a +0 giant club (77% to hit)
You throw a javelin.
The javelin pierces through the two-headed ogre.
The two-headed ogre is lightly wounded.
Throw: javelin
Press: ? - help, Q - select action, (/) - cycle Shift-Dir - straight line, f/p - two-headed ogre
Aim: a two-headed ogre, wielding a +0 giant spiked club and a +0 giant club (lightly wounded, 77% to hit)
You throw a javelin.
The javelin pierces through the two-headed ogre!
The two-headed ogre is moderately wounded.
The two-headed ogre is struck by your spines.
The two-headed ogre barely misses you.
The two-headed ogre hits you with a +0 giant club!
You slash the two-headed ogre!
The two-headed ogre is heavily wounded.
You hit the two-headed ogre but do no damage.
The two-headed ogre is heavily wounded.
The two-headed ogre hits you with a +0 giant spiked club!!
The two-headed ogre hits you with a +0 giant club!
You hit the two-headed ogre but do no damage.
The two-headed ogre is heavily wounded.
The two-headed ogre hits you with a +0 giant spiked club!!
You die...
Your body glows slightly and disappears.

#.# #####.# #. ......#
#.# #####.# #.# #.#
#####.# #..
.....######## #.#
#........(.. #.#
#....).[.... #.#
#...@O.....( #.#
#........... #####.#
#...>....... ......#
#........... #####.#
#......>.... #.#
#...........
#.#######)$.........
#.)....)))..........
#####.########.########


You could see a two-headed ogre.

Vanquished Creatures
  Gastronok (D:8)
  Maggie (D:9)
  Sigmund (D:2)
  A water moccasin (D:6)
  Purgy (Sewer)
  A necrophage (D:6)
  An ogre (D:2)
  3 centaurs
  A phantom (D:7)
  3 gnoll sergeants
  A bullfrog (D:7)
  A scorpion (D:7)
  6 killer bees
  4 wights (D:8)
  3 electric eels (D:7)
  A howler monkey (D:6)
  A bullfrog zombie (D:6)
  2 centaur zombies (D:8)
  A hound (D:6)
  5 orc priests (D:8)
  4 centaur skeletons
  A bullfrog skeleton (D:6)
  6 orc wizards
  A killer bee zombie (D:6)
  A hound skeleton (D:4)
  A howler monkey skeleton (D:6)
  10 adders
  14 gnolls
  2 river rats (D:3)
  A shadow imp (D:6)
  6 dart slugs
  11 orcs
  7 endoplasms
  A giant cockroach (D:3)
  2 goblins (D:2)
  4 hobgoblins
  5 jackals
  2 quokkas (D:3)
  5 ball pythons
  2 bats
  2 frilled lizards
  11 kobolds
  4 rats
142 creatures vanquished.

Vanquished Creatures (others)
  4 plants
4 creatures vanquished.

Grand Total: 146 creatures vanquished

Notes
Turn   | Place    | Note
-------+----------+-------------------------------------------
     0 | D:1      | curiousnu the Demonspawn Gladiator began the quest for the
                  | Orb.
     0 | D:1      | Reached XP level 1. HP: 16/16 MP: 1/1
   230 | D:2      | Gained mutation: You are partially covered in sharp spines.
                  | [demonic ancestry]
   230 | D:2      | Reached XP level 2. HP: 22/22 MP: 2/2
   238 | D:2      | Reached skill level 3 in Axes
   495 | D:1      | Reached XP level 3. HP: 21/27 MP: 3/3
   499 | D:1      | Found a faded altar of an unknown god.
  1350 | D:3      | Reached XP level 4. HP: 26/33 MP: 4/4
  1360 | D:3      | Found a glowing drain.
  1370 | D:3      | Reached skill level 1 in Armour
  1376 | Sewer    | Entered a sewer
  1816 | Sewer    | Noticed Purgy
  1821 | Sewer    | Killed Purgy
  1822 | Sewer    | Reached skill level 4 in Axes
  1822 | Sewer    | Reached XP level 5. HP: 28/39 MP: 5/5
  2040 | D:2      | Noticed an ogre
  2046 | D:2      | Noticed Sigmund
  2051 | D:2      | Killed an ogre
  2052 | D:2      | Gained mutation: You are partially covered in slimy green
                  | scales. (AC +2) [demonic ancestry]
  2052 | D:2      | Reached XP level 6. HP: 37/46 MP: 6/6
  2424 | D:4      | Found a broken altar of Ashenzari.
  2585 | D:4      | Found a staircase to the Ecumenical Temple.
  2608 | Temple   | Entered the Ecumenical Temple
  2887 | Temple   | Became a worshipper of Nemelex Xobeh the Trickster
  2933 | D:5      | Entered Level 5 of the Dungeon
  3444 | D:5      | Reached skill level 5 in Axes
  3446 | D:5      | Gained mutation: You are mostly covered in sharp spines.
                  | [demonic ancestry]
  3446 | D:5      | Reached XP level 7. HP: 20/52 MP: 7/7
  4230 | D:2      | Killed Sigmund
  4506 | D:6      | Reached skill level 6 in Axes
  4655 | D:6      | Gained mutation: You have a pair of small antennae on your
                  | head. [demonic ancestry]
  4655 | D:6      | Reached XP level 8. HP: 56/60 MP: 8/8
  4738 | D:6      | Reached * piety under Nemelex Xobeh
  4902 | D:6      | Found a shimmering blue altar of Sif Muna.
  4934 | D:6      | Received a gift from Nemelex Xobeh
  5315 | D:7      | Found Buf Xij's Jewellery Shoppe.
  5430 | D:7      | Found a snail-covered altar of Cheibriados.
  5431 | D:7      | Found a shimmering altar of Xom.
  5431 | D:7      | Found an ancient bone altar of Kikubaaqudgha.
  5432 | D:7      | Found a blossoming altar of Fedhas.
  5432 | D:7      | Found a bloodstained altar of Trog.
  5445 | D:7      | Got the Volume of the Birds
  5497 | D:7      | Reached skill level 7 in Axes
  5766 | D:8      | Reached skill level 5 in Dodging
  5769 | D:8      | Reached skill level 1 in Shields
  5776 | D:7      | Reached skill level 5 in Fighting
  5933 | D:7      | Gained mutation: Spells you cast may paralyse adjacent
                  | enemies. [demonic ancestry]
  5933 | D:7      | Reached XP level 9. HP: 68/68 MP: 9/9
  6174 | D:8      | Learned a level 1 spell: Sandblast
  6180 | D:8      | Learned a level 2 spell: Passwall
  6225 | D:8      | Found a hazy altar of Hepliaklqana.
  6272 | D:8      | Reached ** piety under Nemelex Xobeh
  6448 | D:8      | Reached skill level 8 in Axes
  6849 | D:8      | Noticed Gastronok
  6870 | D:8      | Killed Gastronok
  6871 | D:8      | Reached skill level 9 in Axes
  6871 | D:8      | Gained mutation: You are mostly covered in slimy green
                  | scales. (AC +3) [demonic ancestry]
  6871 | D:8      | Reached XP level 10. HP: 76/76 MP: 10/10
  7349 | D:9      | Noticed Maggie
  7350 | D:9      | Found a staircase to the Lair.
  7361 | D:9      | Killed Maggie
  7368 | D:9      | Noticed a two-headed ogre
  7375 | D:9      | Slain by a two-headed ogre

Illustrated notes

Levels and vault maps discovered:
D:1:      dpeg_arrival_connections, layout_rooms,
          shapermc_ecumenical_altar_mp_vishouse
D:2:      layout_rooms, st_stairs_1, serial_bayou_pond_d,
          guppyfry_early_lair_pool, uniq_sigmund
D:3:      layout_loops_ring, portal_sewer_entry_b
D:4:      layout_rooms, cheibrodos_ashenzari_chains, minmay_temple_entry_trees,
          uniq_purgy
D:5:      layout_loops_cross, lightli_minifort
D:6:      layout_basic, lemuel_crystal_altar, nrook_mini_vaults,
          hangedman_abyss_or_decor_stabs, minmay_misc_feat_four_crosses,
          eino_tiny_chamber
D:7:      layout_loops_ring, grunt_temple_overflow_open, serial_bayou,
          serial_bayou_pond_e, serial_bayou_shore_a, serial_bayou_lake_a,
          serial_bayou_pond_a, serial_shops, shop
D:8:      layout_basic, mainiacjoe_overflow_catwalk, uniq_gastronok
D:9:      minmay_the_grid_triangle_9x9_recursive_2_mashed
          [minmay_the_grid_triangle_9x9_prize_center,
          minmay_the_grid_triangle_9x9_subtriangle,
          minmay_the_grid_triangle_9x9_zippers_horizontal,
          minmay_the_grid_triangle_9x9_intruding_spiral], layout_small_grid,
          orc_0_dummy, uniq_maggie
Temple:   minmay_temple_curvy_branch

Skill      XL: |  1  2  3  4  5  6  7  8  9 10 |
---------------+-------------------------------+-----
Dodging        | 3 4 5 6 |  6.3
Axes           | 3 4 5 6 7 9 |  9.5
Throwing       | 2 3 4 |  4.0
Armour         | 1 2 3 4 |  4.3
Fighting       | 3 4 5 6 |  6.2
Shields        | 1 |  1.8
Evocations     | |  0.7

Action                   |  1- 3 |  4- 6 |  7- 9 | 10-12 || total
-------------------------+-------+-------+-------+-------++-------
Melee: War axe           |    64 |    89 |   173 |    20 ||   346
Throw: Javelin           |     5 |     3 |    13 |     4 ||    25
       Throwing net      |       |     3 |     4 |     1 ||     8
Evoke: Wand              |       |       |     2 |     1 ||     3
  Use: Scroll            |       |     5 |     5 |       ||    10
       Potion            |       |     4 |     1 |       ||     5
 Stab: Sleeping          |     1 |       |       |       ||     1
       Held in net/web   |       |       |     3 |       ||     3
Armor: Leather armour    |    19 |     9 |       |       ||    28
       Troll leather arm |       |    27 |    64 |     8 ||    99
Dodge: Dodged            |    40 |    72 |   102 |    22 ||   236
Block: Buckler           |       |       |    35 |     8 ||    43
